 Dungeon Crawl Stone Soup version 0.15.0-16-gce31824 (webtiles) character file.

165 Kashira the Archer (level 5, 0/40 HPs)
             Began as a Centaur Hunter on Sept 5, 2014.
             Slain by a wight
             ... wielding a +2 dagger of freezing
              (3 damage)
             ... on Level 8 of the Dungeon.
             The game lasted 00:09:31 (2223 turns).

Kashira the Archer (Centaur Hunter)                 Turns: 2223, Time: 00:09:32

HP   0/40        AC  8     Str 14      XL: 5   Next: 22%
MP   4/4         EV  9     Int 10      God:
Gold 125         SH  0     Dex 11      Spells:  0 memorised,  4 levels left

rFire  + + .     SeeInvis .     a - +0 short sword
rCold  x . .     Clarity  .     k - +3 leather armour {rF+}
rNeg   . . .     rCorr    .     (no shield)
rPois  .         rRot     .     o - +0 helmet
rElec  .         Spirit   .     (no cloak)
SustAb .         Warding  .     (no gloves)
rMut   +         Rnd*Tele +     (no barding)
Gourm  .                        q - amulet of resist mutation
MR     .....                    n - ring of fire
                                l - cursed ring of teleportation

@: very quick, not resistant to hostile enchantments, very unstealthy
A: hooves 3, deformed body, speed 2, tough skin 3
a: Evoke Teleportation


You were on level 8 of the Dungeon.
You were very hungry.

You visited 1 branch of the dungeon, and saw 8 of its levels.

You collected 125 gold pieces.

Inventory:

Hand weapons
 a - a +0 short sword (weapon)
 b - a +1 shortbow
Armour
 d - a +0 leather armour
 k - a +3 leather armour of fire resistance (worn)
 o - a +0 helmet (worn)
Magical devices
 c - a wand of magic darts (3)
 p - a wand of heal wounds (0)
Comestibles
 f - 4 bread rations
 g - 3 meat rations
 j - a beef jerky
Scrolls
 r - a scroll of fog {unknown}
Jewellery
 l - a cursed ring of teleportation (left hand)
 n - a ring of fire (right hand)
 q - an amulet of resist mutation (around neck)
Potions
 i - a potion of brilliance {unknown}
 m - a potion of cancellation {unknown}
 s - a potion of heal wounds
 t - a potion of haste {unknown}


   Skills:
 + Level 1.0 Fighting
 + Level 8.1 Bows
 + Level 0.4 Armour
 + Level 1.7 Dodging
 + Level 0.9 Stealth


You had 4 spell levels left.
You didn't know any spells.

Dungeon Overview and Level Annotations

Branches:
Dungeon (8/15)
 Temple: D:4-7         Lair: D:8-11

Altars:
Nemelex Xobeh

Annotations:
D:6 Eustachio, Grinder


Innate Abilities, Weirdness & Mutations

You have hooves in place of feet.
Armour fits poorly on your strangely shaped body.
You cover ground very quickly.
You have extremely tough skin (AC +3).


Message History

Really target yourself?
The magic dart hits you!
The orc wizard's eyes start to glow.
The wight hits you but does no damage.
The orc wizard looks braver.
Evoke which item? (* to show all) (? for menu, Esc to quit)
Zapping:
c - a wand of magic darts {zapped: 6}
Press: ? - help, Shift-Dir - straight line, f - you Really target yourself?
The magic dart hits you!
* * * LOW HITPOINT WARNING * * *
The giant cockroach waves its antennae.
The wight barely misses you.
Evoke which item? (* to show all) (? for menu, Esc to quit)
Zapping:
c - a wand of magic darts {zapped: 7}
Press: ? - help, Shift-Dir - straight line, f - you Really target yourself?
The magic dart hits you!
The wight hits you with a dagger of freezing.
You die...

### ### #..
##.# #.# #@##
#.# ##z## #.#
##h## #.##
#so# #..#
##o## ###..#
#zz## ##....#
##zo###....
......##
###..o......
.......##
##...........


You could see a hound, 4 wights, an orc wizard, 2 orcs and a giant cockroach.

Vanquished Creatures
  An orc priest (D:3)
  A worker ant (D:3)
  Jessica (D:2)
  2 gnolls (D:3)
  An adder (D:2)
  2 worms (D:2)
  2 giant geckos
  2 orcs (D:3)
  A ball python (D:3)
  6 bats
  5 giant cockroaches (D:2)
  8 goblins
  2 hobgoblins (D:1)
  A quokka (D:3)
  A giant newt (D:3)
  7 kobolds
  9 rats
52 creatures vanquished.

Notes
Turn   | Place    | Note
--------------------------------------------------------------
     0 | D:1      | Kashira, the Centaur Hunter, began the quest for the Orb.
     0 | D:1      | Reached XP level 1. HP: 16/16 MP: 1/1
   216 | D:1      | Reached XP level 2. HP: 23/23 MP: 2/2
   474 | D:1      | Reached skill level 6 in Bows
   711 | D:2      | Found a sparkling altar of Nemelex Xobeh.
   731 | D:2      | Reached XP level 3. HP: 26/28 MP: 3/3
  1375 | D:2      | Noticed Jessica
  1380 | D:2      | Killed Jessica
  1380 | D:2      | Reached skill level 7 in Bows
  1380 | D:2      | Reached XP level 4. HP: 35/35 MP: 3/3
  1723 | D:3      | Reached XP level 5. HP: 16/40 MP: 4/4
  1910 | D:2      | Reached skill level 8 in Bows
  1969 | D:5      | Entered Level 5 of the Dungeon
  2027 | D:6      | Noticed Grinder
  2031 | D:6      | Noticed an orc warrior
  2041 | D:6      | Noticed Eustachio
  2144 | D:7      | Noticed an orc warrior
  2223 | D:8      | Slain by a wight

Action                   |  1- 3 |  4- 6 || total
-------------------------+-------+-------++-------
Melee: Short sword       |       |    26 ||    26
 Fire: Shortbow          |   110 |    39 ||   149
Evoke: Wand              |       |     9 ||     9
  Use: Scroll            |     2 |       ||     2
       Potion            |       |     3 ||     3
  Eat: Chunk             |       |     1 ||     1
